 BcadrenCrawl: Boulder Brew version 0.03.2.1-60-gf6a17aa475 (webtiles) character file.

Game seed: 9880898350804908403, levelgen mode: deterministic

394 esc the Magician (level 6, 0/35 HPs) Deep Elf Venom Mage. Began on Feb 6, 2021. Shot with a bolt by a big kobold (7 damage) ... on level 1 of the Dungeon. The game lasted 00:13:47 (1603 turns).

esc the Magician (Deep Elf Venom Mage)              Turns: 1603, Time: 00:13:47

Health: 0/35       AC:  8    Str:  5    XL:     6 ^: 169
Magic:  15/15      EV: 14    Int: 22    God:
Gold:   68         SH:  0    Dex: 15    Spells: 2/15 levels left

rFire    . . .     Vision   .   g - +0 short sword
rCold    . . .     Gourm    .   (no weapon)
rNeg     . . .     Faith    .   a - +0 robe
rPois    .         Spirit   .   (no helmet)
rElec    .         Reflect  .   (no cloak)
rCorr    .         Harm     .   (no gloves)
MR       .....                  o - +0 pair of boots
Stlth    ++........             (no amulet)
HPRegen  0.21/turn              e - ring of protection
MPRegen  0.25/turn              h - ring of slaying

@: no status effects
A: no striking features
a: no special abilities


You were on level 1 of the Dungeon.
You were not hungry.

You visited 1 branch of the dungeon, and saw 2 of its levels.

You collected 68 gold pieces.

Inventory:

Weapons
 g - a +0 short sword (weapon)
Armour
 a - a +0 robe (worn)
 o - a +0 pair of boots (worn)
Jewellery
 e - a ring of protection (left hand)
 h - a ring of slaying (right hand)
Scrolls
 d - a scroll of enchantment
 j - 2 scrolls of magic mapping
 l - a scroll of fog
 m - 4 scrolls of teleportation
 n - 2 scrolls of vulnerability
Potions
 f - a potion of haste
 i - a potion of might
 k - a potion of lignification
Comestibles
 b - 6 chunks of flesh
 c - 2 rations


   Skills:
 + Level 1.7 Fighting
 + Level 1.1 Short Blades
 + Level 3.7 Dodging
 - Level 2.4 Stealth
 + Level 5.0 Spellcasting
 + Level 1.2 Transmutations
 + Level 1.3 Fire Magic
 - Level 2.0 Air Magic
 + Level 4.7 Poison Magic


You had 2 spell levels left.
You knew the following spells:

 Your Spells              Type           Power        Failure   Level  Hunger
a - Poisonous Vapours     Pois/Air       20 (50)      2%          1    None
b - Sting                 Pois           25 (25)      2%          2    None
c - Mephitic Cloud        Pois/Air       20 (100)     8%          3    ##.....
d - Olgreb's Toxic Radia  Pois           26 (100)     14%         4    ####...
e - Ignite Poison         Fire/Tmut      11 (100)     19%         3    ##.....

Your spell library contained the following spells:

 Spells                   Type           Power        Failure   Level  Hunger


Dungeon Overview and Level Annotations

Branches:
Dungeon (2/8)

Altars:

Annotations:
D:2 Menkaure, Pikel, Robin


Message History

The big kobold wields a +0 hand crossbow.
The big kobold unwields a +1 short sword of molten steel.
It resolidifies.
The big kobold wields a +0 hand crossbow.
The big kobold shoots a bolt.
The bolt bug you (5).
Casting: Poisonous Vapours (safe; 2% risk of failure)
Confirm with . or Enter, or press ? or * to list all spells.
Aiming: Sting (safe; 2% risk of failure)
Press: ? - help, Shift-Dir - straight line, f/p - big kobold
Aim: a big kobold, wielding a +0 hand crossbow and carrying a +1 short sword of molten steel (lightly wounded (25/28), unusually resistant)
The sting hits the big kobold (2).
The big kobold partially resists.
The big kobold is lightly wounded. (23/28) HP The big kobold shoots a bolt.
The bolt bug you (6).
The big kobold shoots a bolt.
The bolt bug you (6).
Your magical contamination has completely faded away.
The big kobold shoots a bolt.
The bolt bug you (4).
The big kobold shoots a bolt.
The bolt bug you (12)!
* * * LOW HITPOINT WARNING * * *
The big kobold shoots a bolt.
The bolt bug you (7)!
You die...

..##..###..##.......####.#[......
..##÷## #...#........# ###.......
..#...###....#.....### ###..))..
.......#.##........### #....÷...
....##....#.....#.##.####..#.....
.....##........##.....#..........
......####.##...#........#..[....
####....#####.).............#....
## ###...####K#>@....###.####....
.### #...##...###....#####.......
#..####..##.####.......###......#
#....#.....K## ##......#.#.......
##......#....# #................
##.....###...####....##..[......#
#......##....K..###K###.........#
.......###........#.#...#.#.....#
#....#..#.......K........###....#


You could see a big kobold.

Vanquished Creatures
  A bullfrog (D:2)
  2 jellies (D:2)
  2 giant cockroaches (D:2)
  17 sewer rats (D:2)
  4 cinder newts
  A worm (D:2)
  4 oozes
  A dart slug (D:1)
  An adder skeleton (D:2)
  2 ball pythons
  5 bats
  2 goblins (D:1)
  4 hobgoblins (D:1)
  9 kobolds
  2 rats (D:1)
  4 withered plants (D:2)
61 creatures vanquished.

Vanquished Creatures (others)
  A giant cockroach (D:2)
  A bat (D:2)
  A goblin (D:2)
  A bat skeleton (D:2)
  A rat skeleton (D:2)
  3 giant blowflies (D:2)
  A slimehead (D:2)
  201 withered plants (D:2)
210 creatures vanquished.

Grand Total: 271 creatures vanquished

Notes
Turn   | Place    | Note
-------+----------+-------------------------------------------
     0 | D:1      | esc the Deep Elf Venom Mage began the quest for the Orb.
     0 | D:1      | Reached XP level 1. HP: 10/10 MP: 6/6
   108 | D:1      | Reached XP level 2. HP: 15/15 MP: 2/8
   246 | D:1      | Learned a level 2 spell: Sting
   299 | D:1      | Reached XP level 3. HP: 19/19 MP: 7/10
   583 | D:2      | Noticed Robin
   612 | D:2      | Noticed a big kobold
   773 | D:2      | Reached skill level 4 in Spellcasting
   773 | D:2      | Reached XP level 4. HP: 24/24 MP: 7/12
   926 | D:2      | Reached skill level 1 in Fighting
  1119 | D:2      | Reached XP level 5. HP: 10/29 MP: 0/13
  1124 | D:2      | Learned a level 3 spell: Mephitic Cloud
  1129 | D:2      | Learned a level 4 spell: Olgreb's Toxic Radiance
  1133 | D:2      | Learned a level 3 spell: Ignite Poison
  1239 | D:2      | Noticed Menkaure
  1393 | D:2      | Reached XP level 6. HP: 31/34 MP: 8/15
  1412 | D:2      | Reached skill level 1 in Fire Magic
  1454 | D:2      | Reached skill level 1 in Transmutations
  1512 | D:2      | Reached skill level 1 in Short Blades
  1512 | D:2      | Reached skill level 5 in Spellcasting
  1558 | D:2      | Noticed Pikel
  1603 | D:1      | Shot with a bolt by a big kobold

Levels and vault maps discovered:
D:1:      dpeg_arrival_tiny_a, layout_cave_pools
D:2:      layout_sewer, nicolae_gozag_cash_rules_everything_around_me,
          minivault_4, uniq_pikel, uniq_menkaure, uniq_robin

Skill      XL: |  1  2  3  4  5  6 |
---------------+-------------------+-----
Dodging        | 2 3 |  3.7
Spellcasting   | 4 5 |  5.0
Poison Magic   | 4 |  4.7
Fighting       | 1 |  1.7
Air Magic      | 2 |  2.0
Fire Magic     | 1 |  1.3
Transmutations | 1 |  1.2
Short Blades   | 1 |  1.1
Stealth        | |  2.4

Action                   |  1- 3 |  4- 6 || total
-------------------------+-------+-------++-------
Melee: Unarmed           |    21 |    64 ||    85
       Short sword       |    24 |    78 ||   102
 Cast: Poisonous Vapours |    35 |    12 ||    47
       Sting             |    12 |    46 ||    58
       Mephitic Cloud    |       |     1 ||     1
 Stab: Sleeping          |       |     1 ||     1
       Confused          |       |     1 ||     1
  Eat: Ration            |       |     1 ||     1
Armor: Robe              |    10 |    23 ||    33
Dodge: Dodged            |    30 |    61 ||    91
